AoeStats
← 豆子

Arena

509869432Analyzed
4v4 RM · 4d ago on Sep 28, 2026· 50m 1s· 8 players
Game mode
Random Map
Map size
Large (8 player)
Population
200
Speed
Normal
Resources
Standard
Victory
Conquest
Starting age
Dark Age
Ending age
Imperial Age
RankedLock teamsTeams togetherTeam positionsShared explorationLock speedFull tech treeHidden civsTurbo modeCheats
Victory
Defeat
🇨🇳 Celts · China
1028
+17
🇮🇩 Byzantines · Indonesia
1021
+18
🇹🇼 Bohemians · Taiwan
1011
+18
🇨🇳 Teutons · China
969
+20
🇹🇼 Turks · Taiwan
1133
-22
🇹🇼 Inca · Taiwan
1079
-19
🇵🇱 Poles · Poland
1009
-16
🇹🇼 Hindustanis · Taiwan
1000
-48
MrTomatoChips
10:47 Feudal Age
14:40 Castle Age
17:03 Double-Bit Axe
16:59 Horse Collar
18:37 Bow Saw
21:22 Stone Mining
23:50 Heavy Plow
25:57 Gold Mining
26:31 Forging
26:23 Scale Mail Armor
29:54 Imperial Age
27:26 Loom
28:00 Squires
27:45 Arson
27:46 Gambesons
29:41 Wheelbarrow
29:46 Chain Mail Armor
30:24 Gold Shaft Mining
31:13 Stone Shaft Mining
30:25 Elite Varangian Guard
32:55 Iron Casting
32:50 Plate Mail Armor
33:53 Hand Cart
33:45 Scale Barding Armor
35:09 Conscription
35:05 Logistica
35:35 Ballistics
35:11 Murder Holes
34:57 Treadmill Crane
36:19 Chemistry
35:07 Pikeman
35:07 Man-at-Arms
36:53 Crop Rotation
37:26 Two-Man Saw
36:55 Halberdier
37:33 Elite Cataphract
38:50 Hoardings
39:20 Fletching
39:30 Padded Archer Armor
39:50 Chain Barding Armor
41:13 Elite Skirmisher
43:19 Thumb Ring
46:06 Plate Barding Armor
45:28 Bodkin Arrow
45:48 Leather Archer Armor
49:13 Man-at-Arms
LoveCreamPie
10:58 Feudal Age
15:01 Castle Age
12:57 Double-Bit Axe
13:08 Horse Collar
15:54 Bow Saw
16:33 Heavy Plow
16:51 Fervor
20:42 Wheelbarrow
19:41 Crossbowman
21:51 Fletching
22:01 Padded Archer Armor
34:58 Imperial Age
34:01 Chemistry
33:21 Ballistics
33:11 Scale Mail Armor
33:26 Masonry
33:29 Forging
34:03 Leather Archer Armor
33:43 Bodkin Arrow
33:35 Loom
33:36 Town Watch
33:15 Pikeman
33:56 Squires
35:04 Arbalester
36:25 Ring Archer Armor
36:56 Two-Man Saw
36:18 Conscription
36:06 Wagenburg Tactics
36:07 Halberdier
36:32 Arson
36:53 Bracer
37:31 Iron Casting
37:12 Chain Mail Armor
37:26 Siege Engineers
40:04 Hand Cart
39:49 Town Patrol
42:31 Blast Furnace
42:02 Plate Mail Armor
41:59 Scale Barding Armor
43:49 Houfnice
45:30 Bombard Tower
45:41 Architecture
48:52 Hussite Reforms
品哥揍老外
11:39 Feudal Age
16:50 Castle Age
15:22 Double-Bit Axe
15:20 Horse Collar
15:45 Gold Mining
15:56 Arson
16:19 Scale Mail Armor
17:23 Forging
17:36 Pikeman
18:47 Bow Saw
19:01 Heavy Plow
20:32 Chain Mail Armor
24:44 Iron Casting
29:12 Gold Shaft Mining
33:10 Imperial Age
31:20 Wheelbarrow
31:16 Town Watch
32:55 Hand Cart
32:57 Scale Barding Armor
33:58 Fortified Wall
33:59 Masonry
33:47 Capped Ram
35:24 Town Patrol
35:12 Loom
35:25 Stone Mining
35:38 Halberdier
37:05 Siege Engineers
38:02 Chemistry
37:44 Stone Shaft Mining
38:23 Chain Barding Armor
37:54 Fletching
39:58 Conscription
39:50 Furor Celtica
41:40 Onager
41:42 Heavy Scorpion
43:00 Siege Onager
45:12 Siege Ram
46:24 Ballistics
46:08 Gambesons
45:47 Man-at-Arms
46:59 Long Swordsman
48:46 Guilds
48:05 Two-Handed Swordsman
49:05 Champion
50:20 Plate Mail Armor
50:51 Blast Furnace
49:48 Bodkin Arrow
蒜头
0:46 Loom
13:00 Feudal Age
13:51 Double-Bit Axe
13:51 Horse Collar
18:03 Castle Age
17:19 Scale Mail Armor
18:56 Bow Saw
19:22 Heavy Plow
20:19 Gold Mining
21:15 Stone Mining
21:51 Pikeman
25:12 Wheelbarrow
25:13 Scale Barding Armor
25:19 Forging
26:06 Bloodlines
26:35 Stone Shaft Mining
28:07 Hand Cart
28:54 Chain Barding Armor
35:37 Imperial Age
34:56 Iron Casting
35:49 Town Watch
35:41 Cavalier
37:46 Two-Man Saw
37:36 Plate Barding Armor
37:33 Town Patrol
38:06 Crop Rotation
39:06 Blast Furnace
37:45 Paladin
41:14 Conscription
一直嬉皮笑臉
5:47 Loom
10:59 Feudal Age
12:28 Double-Bit Axe
12:27 Horse Collar
13:44 Wheelbarrow
17:37 Castle Age
19:28 Bow Saw
19:26 Champi Runner
20:07 Squires
22:42 Pikeman
25:34 Fletching
25:54 Forging
25:47 Scale Mail Armor
25:49 Padded Archer Armor
26:53 Andean Sling
27:30 Champi Warrior
27:56 Arson
29:04 Hand Cart
34:54 Imperial Age
34:27 Iron Casting
34:08 Chain Mail Armor
34:17 Heavy Plow
34:08 Gold Mining
35:34 Elite Champi Warrior
35:40 Capped Ram
36:16 Halberdier
36:17 Elite Champi Warrior
38:07 Blast Furnace
37:38 Plate Mail Armor
36:48 Siege Ram
39:17 Thumb Ring
39:41 Fabric Shields
40:01 Conscription
40:18 Bodkin Arrow
41:03 Crop Rotation
41:56 Hoardings
46:11 Fortified Wall
47:01 Chemistry
giancarlo7
9:52 Feudal Age
11:17 Wheelbarrow
10:25 Horse Collar
10:32 Double-Bit Axe
18:12 Castle Age
16:21 Stone Mining
16:44 Gold Mining
17:38 Forging
18:01 Scale Mail Armor
18:54 Scale Barding Armor
22:33 Hand Cart
31:42 Imperial Age
30:38 Szlachta Privileges
31:12 Husbandry
31:49 Chain Barding Armor
32:54 Conscription
32:48 Cavalier
35:28 Chain Mail Armor
38:36 Plate Mail Armor
39:28 Iron Casting
45:57 Blast Furnace
45:24 Fortified Wall
46:11 Elite Obuch
47:02 Capped Ram
47:37 Light Cavalry
48:28 Bloodlines
48:21 Winged Hussar
豆子
5:49 Loom
12:41 Feudal Age
14:13 Wheelbarrow
17:42 Castle Age
17:42 Bloodlines
17:47 Forging
18:40 Horse Collar
20:35 Double-Bit Axe
23:30 Iron Casting
23:15 Light Cavalry
26:49 Hand Cart
27:31 Heavy Plow
29:43 Gold Mining
31:25 Scale Barding Armor
30:57 Pikeman
32:44 Chain Barding Armor
36:13 Husbandry
36:56 Squires
妖姬西打龍
12:41 Feudal Age
17:13 Castle Age
22:16 Imperial Age
20:31 Double-Bit Axe
20:36 Horse Collar
21:46 Loom
24:04 Gold Mining
37:30 Wheelbarrow
39:36 Padded Archer Armor
41:53 Leather Archer Armor
42:09 Bow Saw
43:25 Ring Archer Armor
46:34 Heavy Plow
47:37 Two-Man Saw
46:54 Hand Cart
47:41 Scale Mail Armor
47:56 Forging
Connection lost

Rejoining the realm…

Still unreachable

The connection could not be restored.

Session expired

The server has moved on; the page needs a fresh start.